SAAA
TORTOLITA DRUMMERS @ PORT ROYAL DISASTER
09/02/2027
 
TOP OF THE 1ST
Tortolita Drummers batting - Pitching for Port Royal Disaster : LHP Pedro Pacheco
Pitching: LHP Pedro Pacheco
Batting: RHB Sean Godron 0-0: Ball
1-0: Ball
2-0: Ball
3-0: Called Strike
3-1: Base on Balls
Batting: RHB Nathan Horton 0-0: Ball
Pickoff Throw by Catcher to First - Error! E2
Sean Godron to second
1-0: Ball
2-0: Foul Ball, location: 2F
2-1: Fly out, F9 (Flyball, 9LS)
Batting: RHB Enrique Marroquín 0-0: Ball
1-0: Called Strike
1-1: Foul Ball, location: 2F
1-2: Foul Ball, location: 2F
1-2: Ball
2-2: Ball
3-2: Fly out, F9 (Flyball, 9S)
Batting: RHB Jesús Cisneros 0-0: Ball
1-0: Foul Ball, location: 2F
1-1: Fly out, F1 (Line Drive, 13S)
Top of the 1st over - 0 run(s), 0 hit(s), 1 error(s), 1 left on base; Tortolita 0 - Port Royal 0
BOTTOM OF THE 1ST
Port Royal Disaster batting - Pitching for Tortolita Drummers : RHP Jim Unknown
Pitching: RHP Jim Unknown
Batting: RHB Jesús Vargas 0-0: Called Strike
0-1: Foul Ball, location: 2F
0-2: Ball
1-2: Ground out 6-3 (Groundball, 6M)
Batting: RHB Mike Green 0-0: Called Strike
0-1: Ball
1-1: Swinging Strike
1-2: Ball
2-2: Foul Ball, location: 2F
2-2: Fly out, F9 (Flyball, 9LS)
Batting: RHB Manuel Becerra 0-0: Ball
1-0: Called Strike
1-1: Ball
2-1: Foul Ball, location: 2F
2-2: Foul Ball, location: 2F
2-2: Strikes out swinging
Bottom of the 1st over - 0 run(s), 0 hit(s), 0 error(s), 0 left on base; Tortolita 0 - Port Royal 0
TOP OF THE 2ND
Tortolita Drummers batting - Pitching for Port Royal Disaster : LHP Pedro Pacheco
Batting: RHB Ricardo Pacheco 0-0: Called Strike
0-1: Ball
1-1: Fly out, F9 (Flyball, 9LMF)
Batting: RHB Jim Lee 0-0: Foul Ball, location: 2F
0-1: Swinging Strike
0-2: Ball
1-2: Strikes out swinging
Batting: RHB Vincent Klein 0-0: Swinging Strike
0-1: Ball
1-1: Ball
2-1: Foul Ball, location: 2F
2-2: Strikes out looking
Top of the 2nd over - 0 run(s), 0 hit(s), 0 error(s), 0 left on base; Tortolita 0 - Port Royal 0
BOTTOM OF THE 2ND
Port Royal Disaster batting - Pitching for Tortolita Drummers : RHP Jim Unknown
Batting: RHB Michael Riley 0-0: Called Strike
0-1: Ball
1-1: Ball
2-1: Ball
3-1: Foul Ball, location: 2F
3-2: Fly out, F8 (Flyball, 8RM)
Batting: RHB Brandon Cooper 0-0: Ball
1-0: Foul Ball, location: 2F
1-1: Foul Ball, location: 2F
1-2: Ball
2-2: Ball
3-2: Foul Ball, location: 2F
3-2: Fly out, F8 (Flyball, 8RD)
Batting: RHB Nelson Abbey 0-0: Swinging Strike
0-1: Foul Ball, location: 2F
0-2: Ball
1-2: Ball
2-2: Strikes out looking
Bottom of the 2nd over - 0 run(s), 0 hit(s), 0 error(s), 0 left on base; Tortolita 0 - Port Royal 0
TOP OF THE 3RD
Tortolita Drummers batting - Pitching for Port Royal Disaster : LHP Pedro Pacheco
Batting: RHB Gilberto Juárez 0-0: Ball
1-0: SINGLE (Groundball, 34D)
Batting: RHB Miguel Canales 0-0: Ball
Gilberto Juárez is caught stealing 2nd base
1-0: SINGLE (Line Drive, 78S)
Batting: RHB Sean Godron 0-0: Swinging Strike
0-1: Ball
1-1: Ground out 4-3 (Groundball, 4M)
Miguel Canales to second
Batting: RHB Nathan Horton 0-0: Ball
1-0: Called Strike
1-1: Called Strike
1-2: Ball
2-2: Ground out 6-3 (Groundball, 6)
Top of the 3rd over - 0 run(s), 2 hit(s), 0 error(s), 1 left on base; Tortolita 0 - Port Royal 0
BOTTOM OF THE 3RD
Port Royal Disaster batting - Pitching for Tortolita Drummers : RHP Jim Unknown
Batting: RHB Aurelio García 0-0: Ball
1-0: Called Strike
1-1: Ball
2-1: Ball
3-1: Base on Balls
Batting: RHB Ronnie Cleveland 0-0: Grounds into double play, 5-4-3 (Groundball, 56)
Batting: LHB Ricky Payton 0-0: Ground out 6-3 (Groundball, 6)
Bottom of the 3rd over - 0 run(s), 0 hit(s), 0 error(s), 0 left on base; Tortolita 0 - Port Royal 0
TOP OF THE 4TH
Tortolita Drummers batting - Pitching for Port Royal Disaster : LHP Pedro Pacheco
Batting: RHB Enrique Marroquín 0-0: Ball
1-0: Ball
2-0: Ball
3-0: Called Strike
3-1: Fly out, F4 (Popup, 4D)
Batting: RHB Jesús Cisneros 0-0: Ball
1-0: Ball
2-0: Called Strike
2-1: Ball
3-1: Base on Balls
Batting: RHB Ricardo Pacheco 0-0: Ball
1-0: Ball
2-0: Foul Ball, location: 2F
2-1: Ball
3-1: Foul Ball, location: 2F
3-2: SINGLE (Line Drive, 8RS)
Jesús Cisneros to second
Pitching: RHP Alfonso Garza
Batting: RHB Jim Lee 0-0: Called Strike
0-1: Ball
1-1: Ball
2-1: SINGLE (Groundball, 4) (infield hit)
Jesús Cisneros to third
Ricardo Pacheco to second
Batting: RHB Vincent Klein 0-0: Called Strike
0-1: Foul Ball, location: 2F
0-2: Foul Ball, location: 2F
0-2: Ball
1-2: Strikes out swinging
Batting: RHB Gilberto Juárez 0-0: Called Strike
0-1: Swinging Strike
0-2: SINGLE (Groundball, 34D)
Jesús Cisneros scores
Ricardo Pacheco to third
Jim Lee to second
Runner from 3rd tries for Home, SAFE, no throw
Batting: RHB Miguel Canales 0-0: Fly out, F8 (Flyball, 8LM)
Top of the 4th over - 2 run(s), 3 hit(s), 0 error(s), 2 left on base; Tortolita 2 - Port Royal 0
BOTTOM OF THE 4TH
Port Royal Disaster batting - Pitching for Tortolita Drummers : RHP Jim Unknown
Batting: RHB Jesús Vargas 0-0: Called Strike
0-1: Ball
1-1: Foul Ball, location: 2F
1-2: Ball
2-2: Strikes out swinging, 2-3 out at first.
Batting: RHB Mike Green 0-0: Ball
1-0: Foul Ball, location: 2F
1-1: Ball
2-1: Ball
3-1: Swinging Strike
3-2: Fly out, F6 (Line Drive, 6M)
Batting: RHB Manuel Becerra 0-0: Called Strike
0-1: Ball
1-1: Called Strike
1-2: Foul Ball, location: 2F
1-2: Fly out, F9 (Flyball, 9S)
Bottom of the 4th over - 0 run(s), 0 hit(s), 0 error(s), 0 left on base; Tortolita 2 - Port Royal 0
TOP OF THE 5TH
Tortolita Drummers batting - Pitching for Port Royal Disaster : RHP Alfonso Garza
Batting: RHB Sean Godron 0-0: Ball
1-0: Ball
2-0: Ball
3-0: Called Strike
3-1: Called Strike
3-2: SINGLE (Groundball, 6MD)
Batting: RHB Nathan Horton 0-0: Ball
Sean Godron steals 2nd base
1-0: 2-RUN HOME RUN (Flyball, 7D), Distance : 377 ft
Batting: RHB Enrique Marroquín 0-0: Foul Ball, location: 2F
0-1: Swinging Strike
0-2: Ball
1-2: Ball
2-2: Foul Ball, location: 2F
2-2: SOLO HOME RUN (Line Drive, 78XD), Distance : 408 ft
Batting: RHB Jesús Cisneros 0-0: Foul Ball, location: 2F
0-1: Foul Ball, location: 2F
0-2: Ball
1-2: Ball
2-2: Foul Ball, location: 2F
2-2: Foul Ball, location: 2F
2-2: SINGLE (Groundball, 4MD)
Pitching: RHP Alfredo Hernández
Batting: RHB Ricardo Pacheco 0-0: Ball
1-0: Called Strike
1-1: Foul Ball, location: 2F
1-2: Ball
2-2: Foul Ball, location: 2F
2-2: SINGLE (Groundball, 4D)
Jesús Cisneros to second
Jesús Cisneros to third
Batting: RHB Jim Lee 0-0: Called Strike
0-1: Ball
1-1: Foul Ball, location: 2F
1-2: Ball
Throwing error on steal attempt, E2
Jesús Cisneros scores
Ricardo Pacheco to third
2-2: Ball
3-2: Base on Balls
Batting: RHB Vincent Klein 0-0: Ball
1-0: Foul Ball, location: 2F
1-1: Swinging Strike
1-2: Ball
2-2: Foul Ball, location: 2F
2-2: Ball
3-2: Base on Balls
Jim Lee to second
Batting: RHB Gilberto Juárez 0-0: Ball
1-0: Ball
2-0: Ball
3-0: Called Strike
3-1: SINGLE (Groundball, 6D)
Ricardo Pacheco scores
Jim Lee to third
Vincent Klein to second
Runner from 3rd tries for Home, SAFE, throw made at trailing runner, OUT at third!
Batting: RHB Miguel Canales 0-0: Ball
1-0: Ground out 4-3 (Groundball, 4S)
Gilberto Juárez to second
Batting: RHB Sean Godron 0-0: Swinging Strike
0-1: Ball
1-1: Ball
2-1: Ball
3-1: DOUBLE (Popup, 34D)
Gilberto Juárez scores
Batting: RHB Nathan Horton 0-0: Ball
1-0: Ball
2-0: Called Strike
2-1: Called Strike
2-2: Ground out 5-3 (Groundball, 56S)
Top of the 5th over - 7 run(s), 7 hit(s), 1 error(s), 1 left on base; Tortolita 9 - Port Royal 0
BOTTOM OF THE 5TH
Port Royal Disaster batting - Pitching for Tortolita Drummers : RHP Jim Unknown
Batting: RHB Michael Riley 0-0: Foul Ball, location: 2F
0-1: Ball
1-1: Ball
2-1: SINGLE (Groundball, 6MD)
Batting: RHB Brandon Cooper 0-0: Called Strike
0-1: Swinging Strike
0-2: Ball
1-2: Ball
2-2: Fly out, F8 (Flyball, 8RD)
Batting: RHB Nelson Abbey 0-0: Ball
1-0: Ball
2-0: Foul Ball, location: 2F
2-1: Foul Ball, location: 2F
2-2: Foul Ball, location: 2F
2-2: Ball
3-2: SINGLE (Flyball, 9LM)
Michael Riley to second
Batting: RHB Aurelio García 0-0: Ball
1-0: Called Strike
1-1: Fielders Choice at 2nd, 1-4 (Groundball, 15S)
Michael Riley to third
Batting: RHB Ronnie Cleveland 0-0: Called Strike
0-1: Called Strike
0-2: Ball
1-2: Fielders Choice at 2nd, 6-4 (Groundball, 6)
Bottom of the 5th over - 0 run(s), 2 hit(s), 0 error(s), 1 left on base; Tortolita 9 - Port Royal 0
TOP OF THE 6TH
Tortolita Drummers batting - Pitching for Port Royal Disaster : RHP Alfredo Hernández
Batting: RHB Enrique Marroquín 0-0: Called Strike
0-1: Ball
1-1: Ball
2-1: DOUBLE (Line Drive, 9LD)
Batting: RHB Jesús Cisneros 0-0: Ball
1-0: Called Strike
1-1: Ball
2-1: Ball
3-1: Called Strike
3-2: Ground out 6-3 (Groundball, 6MD)
Enrique Marroquín to third
Batting: RHB Ricardo Pacheco 0-0: Ball
1-0: Foul Ball, location: 2F
1-1: Ground out 4-3 (Groundball, 4)
Enrique Marroquín scores
Pitching: RHP Ricardo Campos
Pinch Hitting: RHB Carlos Méndez 0-0: Fly out, F8 (Line Drive, 78XD)
Top of the 6th over - 1 run(s), 1 hit(s), 0 error(s), 0 left on base; Tortolita 10 - Port Royal 0
BOTTOM OF THE 6TH
Port Royal Disaster batting - Pitching for Tortolita Drummers : RHP Jim Unknown
Now at 3B: Eddie O'Bryan
Batting: LHB Ricky Payton 0-0: Ball
1-0: Foul Ball, location: 2F
1-1: Foul Ball, location: 2F
1-2: DOUBLE (Line Drive, 9LM)
Batting: RHB Jesús Vargas 0-0: Ball
1-0: Foul Ball, location: 2F
1-1: Ball
2-1: Ball
3-1: Foul Ball, location: 2F
3-2: Fly out, F7 (Flyball, 7S)
Batting: RHB Mike Green 0-0: SINGLE (Groundball, 56D)
Ricky Payton to third
Runner from 3rd tries for Home, SAFE, no throw
Batting: RHB Manuel Becerra 0-0: Ball
Mike Green is caught stealing 2nd base
1-0: Foul Ball, location: 2F
1-1: Ball
2-1: Fly out, F6 (Line Drive, 6)
Bottom of the 6th over - 1 run(s), 2 hit(s), 0 error(s), 0 left on base; Tortolita 10 - Port Royal 1
TOP OF THE 7TH
Tortolita Drummers batting - Pitching for Port Royal Disaster : RHP Ricardo Campos
Batting: RHB Vincent Klein 0-0: Foul Ball, location: 2F
0-1: Ground out 6-3 (Groundball, 6)
Batting: RHB Gilberto Juárez 0-0: Ball
1-0: Called Strike
1-1: Ball
2-1: SOLO HOME RUN (Line Drive, 7D), Distance : 394 ft
Batting: RHB Miguel Canales 0-0: Ground out 5-3 (Groundball, 5L)
Batting: RHB Sean Godron 0-0: Swinging Strike
0-1: Ball
1-1: Swinging Strike
1-2: Strikes out swinging passed ball, reaches first!
Batting: RHB Nathan Horton 0-0: Called Strike
Sean Godron is caught stealing 2nd base
Top of the 7th over - 1 run(s), 1 hit(s), 0 error(s), 0 left on base; Tortolita 11 - Port Royal 1
BOTTOM OF THE 7TH
Port Royal Disaster batting - Pitching for Tortolita Drummers : RHP Jim Unknown
Batting: RHB Michael Riley 0-0: Ball
1-0: Swinging Strike
1-1: Ball
2-1: Ball
3-1: Foul Ball, location: 2F
3-2: Ground out 6-3 (Groundball, 6)
Batting: RHB Brandon Cooper 0-0: Called Strike
0-1: Swinging Strike
0-2: Ball
1-2: Strikes out swinging
Batting: RHB Nelson Abbey 0-0: Swinging Strike
0-1: Foul Ball, location: 2F
0-2: Strikes out swinging
Bottom of the 7th over - 0 run(s), 0 hit(s), 0 error(s), 0 left on base; Tortolita 11 - Port Royal 1
TOP OF THE 8TH
Tortolita Drummers batting - Pitching for Port Royal Disaster : RHP Ricardo Campos
Batting: RHB Nathan Horton 0-0: Swinging Strike
0-1: Ball
1-1: SINGLE (Groundball, 4S) (infield hit)
Batting: RHB Enrique Marroquín 0-0: Ball
1-0: Ball
2-0: Called Strike
2-1: Foul Ball, location: 2F
2-2: Strikes out swinging
Batting: RHB Jesús Cisneros 0-0: Ball
1-0: Ball
2-0: Ball
3-0: Called Strike
3-1: Fly out, F7 (Flyball, 78M)
Batting: RHB Ricardo Pacheco 0-0: Ball
1-0: Ball
2-0: SINGLE (Groundball, 34D)
Nathan Horton to second
Runner from 2nd tries for 3rd, OUT!
Top of the 8th over - 0 run(s), 2 hit(s), 0 error(s), 1 left on base; Tortolita 11 - Port Royal 1
BOTTOM OF THE 8TH
Port Royal Disaster batting - Pitching for Tortolita Drummers : RHP Jim Unknown
Batting: RHB Aurelio García 0-0: Fly out, F7 (Flyball, 7)
Batting: RHB Ronnie Cleveland 0-0: Called Strike
0-1: SINGLE (Flyball, 89S)
Batting: LHB Ricky Payton 0-0: Called Strike
0-1: Ball
1-1: Ball
2-1: Ball
3-1: Called Strike
3-2: Foul Ball, location: 2F
3-2: Base on Balls
Ronnie Cleveland to second
Batting: RHB Jesús Vargas 0-0: Ball
1-0: Ball
2-0: Foul Ball, location: 2F
2-1: TRIPLE (Flyball, 89D)
Ronnie Cleveland scores
Ricky Payton scores
Pitching: RHP Jim Unknown
Batting: RHB Mike Green 0-0: Called Strike
0-1: Ball
1-1: Ball
2-1: Ball
3-1: SINGLE (Groundball, 5D)
Jesús Vargas scores
Batting: RHB Manuel Becerra 0-0: Ball
1-0: Called Strike
1-1: Ball
2-1: Ball
3-1: Called Strike
3-2: Base on Balls
Mike Green to second
Batting: RHB Michael Riley 0-0: Called Strike
0-1: Swinging Strike
0-2: Ball
1-2: Fly out, F9 (Flyball, 9S)
Batting: RHB Brandon Cooper 0-0: Swinging Strike
0-1: Swinging Strike
0-2: Fielders Choice at 2nd, 5-4 (Groundball, 5L)
Bottom of the 8th over - 3 run(s), 3 hit(s), 0 error(s), 1 left on base; Tortolita 11 - Port Royal 4
TOP OF THE 9TH
Tortolita Drummers batting - Pitching for Port Royal Disaster : RHP Ricardo Campos
Batting: RHB Eddie O'Bryan 0-0: Called Strike
0-1: Ball
1-1: SINGLE (Groundball, 6MD)
Batting: RHB Vincent Klein 0-0: Foul Ball, location: 2F
0-1: Foul Ball, location: 2F
0-2: Ball
1-2: Ball
2-2: Foul Ball, location: 2F
2-2: Foul Ball, location: 2F
2-2: Ball
3-2: SINGLE (Line Drive, 6MD)
Eddie O'Bryan to second
Batting: RHB Gilberto Juárez 0-0: Called Strike
0-1: Called Strike
0-2: Foul Ball, location: 2F
0-2: SINGLE (Groundball, 6D)
Eddie O'Bryan to third
Vincent Klein to second
Batting: RHB Miguel Canales 0-0: Called Strike
0-1: Hit by Pitch
Eddie O'Bryan scores
Vincent Klein to third
Gilberto Juárez to second
Pitching: LHP Aukukero Mincarlie Jr.
Batting: RHB Sean Godron 0-0: Ball
1-0: Swinging Strike
1-1: Foul Ball, location: 2F
1-2: Grounds into double play, 6-4-3 (Groundball, 6M)
Vincent Klein scores
Gilberto Juárez to third
Batting: RHB Nathan Horton 0-0: Called Strike
0-1: Fly out, F9 (Flyball, 89M)
Top of the 9th over - 2 run(s), 3 hit(s), 0 error(s), 1 left on base; Tortolita 13 - Port Royal 4
BOTTOM OF THE 9TH
Port Royal Disaster batting - Pitching for Tortolita Drummers : RHP Jim Unknown
Now at C: Jorge González
Batting: RHB Nelson Abbey 0-0: Called Strike
0-1: Foul Ball, location: 2F
0-2: Ball
1-2: Ball
2-2: SINGLE (Groundball, 6MD)
Batting: RHB Aurelio García 0-0: Ball
1-0: Called Strike
1-1: Ball
2-1: Called Strike
2-2: Strikes out swinging
Batting: RHB Ronnie Cleveland 0-0: Grounds into double play, 6-4-3 (Groundball, 6)
Bottom of the 9th over - 0 run(s), 1 hit(s), 0 error(s), 0 left on base; Tortolita 13 - Port Royal 4
Saturday, May 26th, 2018 - OOTP Baseball 17.12 Build 75